 Dungeon Crawl Stone Soup version 0.30-a0-365-ge7f957f1db (webtiles) character file.

Game seed: 2133368669900502468

64 Manisia the Sneak (level 4, 0/19 (25) HPs)
             Began as a Tengu Wanderer on Nov 17, 2022.
             Slain by an orc wizard
             ... wielding a +2 dagger of draining
              (1 damage)
             ... on level 3 of the Dungeon.
             The game lasted 00:04:24 (1542 turns).

Manisia the Sneak (Tengu Wanderer)                  Turns: 1542, Time: 00:04:25

HP:   0/19 (25)     AC:  2    Str: 10    XL:     4   Next: 12%
MP:   5/5           EV: 15    Int: 11    God:
Gold: 128           SH:  0    Dex: 19    Spells: 3/3 levels left

rFire   . . .      SeeInvis .    a - +3 dagger
rCold   . . .      Faith    .    d - +1 buckler
rNeg    . . .      Spirit   .    e - +0 robe
rPois   .          Reflect  .    (helmet restricted)
rElec   .          Harm     .    (no cloak)
rCorr   .          Rampage  .    (no gloves)
Will    .....                    (boots unavailable)
Stlth   +.........               (no amulet)
HPRegen 0.23/turn                j - +4 ring of evasion
MPRegen 0.09/turn                (no ring)

@: confused, heavily drained
A: beak, talons 3
a: no special abilities


You were on level 3 of the Dungeon.
You visited 1 branch of the dungeon, and saw 3 of its levels.

You collected 128 gold pieces.

Inventory:

Hand Weapons
 a - a +3 dagger (weapon)
 c - a +0 hand axe
Missiles
 g - 9 poisoned darts (quivered)
Armour
 d - a +1 buckler (worn)
 e - a +0 robe (worn)
Jewellery
 h - a +4 ring of evasion
 j - a +4 ring of evasion (left hand)
Scrolls
 n - a scroll of butterflies {unknown}
Potions
 b - a potion of haste
 f - a potion of degeneration {unknown}
 i - a potion of cancellation {unknown}
 k - a potion of mutation
 l - a potion of attraction
 m - a potion of might {unknown}


   Skills:
 + Level 1.2 Fighting
 + Level 1.3 Short Blades
 - Level 1.1 Axes
 + Level 0.3 Throwing
 - Level 1.1 Armour
 + Level 0.3 Dodging
 - Level 6.0 Stealth
 + Level 1.4 Shields
 + Level 1.0 Evocations


You had 3 spell levels left.
You didn't know any spells.
Your spell library contained the following spells:

 Spells                   Type           Power      Damage    Failure   Level
 Dazzling Flash           Conj/Hex       0%         N/A       80%         3
 Agony                    Necr           0%         N/A       100%        5
 Silence                  Hex/Air        0%         N/A       100%        5


Dungeon Overview and Level Annotations

Branches:
Dungeon (3/15)

Altars:

Shops:
D:2 (

Annotations:
D:1 exclusion: downstairs
D:2 Sigmund


Innate Abilities, Weirdness & Mutations

You have a beak for a mouth.
You have claws for feet.


Message History

The orc wizard misses you.
You bump into the rock wall.
The orc wizard hits you with a +2 dagger of draining.
You feel drained.
You bump into the rock wall.
The orc wizard hits you with a +2 dagger of draining.
You feel drained.
You're too confused to move!
The orc wizard points at you and mumbles some strange words.
You are more confused.
You hit the orc wizard.
The orc wizard is moderately wounded.
The orc wizard hits you with a +2 dagger of draining.
You feel drained.
You bump into the rock wall.
The orc wizard casts a spell at you. The magic dart hits you.
You barely miss the orc wizard.
You peck the orc wizard, but do no damage.
The orc wizard is moderately wounded.
The orc wizard barely misses you.
You hit the orc wizard but do no damage.
The orc wizard is moderately wounded.
The orc wizard hits you with a +2 dagger of draining.
* * * LOW HITPOINT WARNING * * *
You feel drained.
You closely miss the orc wizard.
You claw the orc wizard, but do no damage.
Your peck misses the orc wizard.
The orc wizard is moderately wounded.
The orc wizard closely misses you.
You bump into the rock wall.
The orc wizard hits you with a +2 dagger of draining.
* * * LOW HITPOINT WARNING * * *
You feel drained.
You're too confused to move!
The orc wizard hits you with a +2 dagger of draining.
* * * LOW HITPOINT WARNING * * *
You feel drained.
You die...

.....###.####.#
#.# .#. #.# #.#
#.# ..# #.# #.#
###o ..# #.# #o
### #.# #.# #.#
#.# #.# #.
#)##### ##.##
#.# #.)o@.#
#...## #.#
#####.# #.#..#
#.# #.# #....#
#.# #.# ####.#
#.# #.# #.#
##.#######.#
#.#
#..........#
#.#
#..#########
#.# #..# ###
#.#


You could see an orc wizard.

Vanquished Creatures
  2 adders
  A worm (D:2)
  A dart slug (D:2)
  2 orcs (D:3)
  4 endoplasms
  2 giant cockroaches
  5 goblins
  2 hobgoblins (D:1)
  2 jackals (D:1)
  3 quokkas
  3 ball pythons
  2 bats
  3 frilled lizards
  2 kobolds
  2 rats
36 creatures vanquished.

Notes
Turn   | Place    | Note
-------+----------+-------------------------------------------
     0 | D:1      | Manisia the Tengu Wanderer began the quest for the Orb.
     0 | D:1      | Manisia set off with the following items: a +2 dagger, 2
                  | potions of haste, a +0 hand axe, a +0 buckler, a +0 robe.
     0 | D:1      | Reached XP level 1. HP: 12/12 MP: 2/2
   173 | D:1      | Reached XP level 2. HP: 13/16 MP: 3/3
   480 | D:2      | Noticed Sigmund
   616 | D:2      | Reached skill level 1 in Short Blades
   766 | D:2      | Reached XP level 3. HP: 20/20 MP: 4/4
   986 | D:2      | Found Heymip's Weapon Emporium.
  1497 | D:3      | Reached XP level 4. HP: 25/25 MP: 5/5
  1509 | D:3      | Reached skill level 6 in Stealth
  1542 | D:3      | HP: 1/20 [orc wizard/+2 dagger of draining (4)]
  1542 | D:3      | Slain by an orc wizard

Illustrated notes

Levels and vault maps discovered:
D:1:      minmay_arrival_semitransparent, layout_rooms, minmay_tetromino_s2
D:2:      layout_loops_ring, serial_shops, nicolae_shop_behind_doors,
          minmay_liquid_box, kennysheep_crisscross, st_stairs_4, uniq_sigmund
D:3:      layout_loops_ring, mainiacjoe_overflow_alcove_1

Skill      XL: |  1  2  3  4 |
---------------+-------------+-----
Short Blades   | 1 |  1.3
Stealth        | 6 |  6.0
Fighting       | |  1.2
Axes           | |  1.1
Throwing       | |  0.3
Armour         | |  1.1
Dodging        | |  0.3
Shields        | |  1.4
Evocations     | |  1.0

Action                   |  1- 3 |  4- 6 || total
-------------------------+-------+-------++-------
Melee: Dagger            |    73 |     9 ||    82
       Kick              |    13 |     3 ||    16
       Peck              |     8 |     1 ||     9
Throw: Dart              |     2 |       ||     2
  Use: Scroll            |     7 |       ||     7
       Potion            |     1 |       ||     1
 Stab: Sleeping          |     7 |     1 ||     8
Armor: Robe              |     7 |       ||     7
Dodge: Dodged            |    35 |     3 ||    38
Block: Buckler           |     8 |       ||     8

Table legend: (Time is in decaauts)
 A = Elapsed time spent in this place.
 B = Non-inter-level travel time spent in this place.
 C = Inter-level travel time spent in this place.
 D = Time resting spent in this place.
 E = Time spent auto-exploring this place.
 F = Levels seen in this place.
 G = Mean time per level.
                   A        B        C        D        E       F      G
               +--------+--------+--------+--------+--------+-----+--------+
         Total |   1527 |   1473 |     54 |    100 |    977 |   3 |  509.0 |
       Dungeon |   1527 |   1473 |     54 |    100 |    977 |   3 |  509.0 |
               +--------+--------+--------+--------+--------+-----+--------+

Top non-repeatable levels by time:
     D:2: 734 daAuts
     D:1: 589 daAuts
     D:3: 203 daAuts
